 Dungeon Crawl Stone Soup version 0.30-a0-1016-gfb0d676c02 (webtiles) character file.

Game seed: 4770031741184603012

3922 Aneyh the Warrior (level 10, -3/79 HPs)
             Began as a Tengu Fighter on Apr 6, 2023.
             Slain by a manticore (8 damage)
             ... on level 6 of the Dungeon.
             The game lasted 00:12:44 (4178 turns).

Aneyh the Warrior (Tengu Fighter)                   Turns: 4178, Time: 00:12:45

Health: -3/79      AC:  9    Str: 21    XL:     10   Next: 20%
Magic:  3/3        EV: 11    Int:  8    God:
Gold:   261        SH:  5    Dex: 14    Spells: 3/9 levels left

rFire   . . .      SeeInvis .    r - +2 trident (antimagic)
rCold   . . .      Faith    .    c - +0 buckler
rNeg    . . .      Spirit   .    b - +0 scale mail
rPois   .          Reflect  .    (helmet restricted)
rElec   .          Rampage  .    t - +0 cloak
rCorr   .                        (no gloves)
Will    .....                    (boots unavailable) Stlth
                                 (no amulet)
HPRegen 0.33/turn                (no ring)
MPRegen 0.08/turn                (no ring)

@: mighty, spiked, flying quickly and evasively, quick
A: beak, talons 3, nimble flight
a: no special abilities


You were on level 6 of the Dungeon.
You visited 1 branch of the dungeon, and saw 6 of its levels.

You collected 261 gold pieces.

Inventory:

Hand Weapons
 a - a +0 trident
 r - a +2 antimagic trident (weapon)
Missiles
 f - 11 boomerangs (quivered)
 w - 5 javelins
Armour
 b - a +0 scale mail (worn)
 c - a +0 buckler (worn)
 o - a scarf of invisibility
 s - a +0 leather armour
 t - a +0 cloak (worn)
Jewellery
 j - a ring of fire
 u - an amulet of faith
 v - a +5 ring of evasion
Scrolls
 e - a scroll of identify
 i - 3 scrolls of fear {unknown}
 l - 3 scrolls of immolation {unknown}
 m - 4 scrolls of vulnerability {unknown}
 x - a scroll of amnesia {unknown}
Potions
 d - a potion of ambrosia {unknown}
 g - 3 potions of haste
 h - 3 potions of curing
 k - a potion of resistance {unknown}
 n - a potion of attraction {unknown}
 p - a potion of brilliance
Miscellaneous
 y - a piece from Xom's chessboard (15/15)


   Skills:
 - Level 16.4 Fighting
 - Level 2.1 Polearms
 + Level 7.5 Armour
 - Level 3.0 Shields
 - Level 3.1 Summonings


You had 3 spell levels left.
You knew the following spells:

 Your Spells              Type           Power      Damage    Failure   Level
a - Call Canine Familiar  Summ           5%         N/A       75%         3
b - Summon Guardian Gole  Hex/Summ       2%         N/A       92%         3

Your spell library contained the following spells:

 Spells                   Type           Power      Damage    Failure   Level
 Summon Small Mammal      Summ           20%        N/A       36%         1
 Apportation              Tloc           0%         N/A       80%         1
 Freeze                   Ice            0%         1d3       80%         1
 Necrotise                Necr           0%         1d4       80%         1
 Sting                    Tmut/Pois      0%         1d3       80%         1
 Poisonous Vapours        Pois/Air       0%         N/A       91%         2
 Frozen Ramparts          Ice            0%         1d1       99%         3
 Hailstorm                Conj/Ice       0%         3d3       99%         3
 Stone Arrow              Conj/Erth      0%         3d7       99%         3
 Animate Armour           Summ/Erth      4%         N/A       100%        4
 Olgreb's Toxic Radiance  Pois           0%         N/A       100%        4
 Lehudib's Crystal Spear  Conj/Erth      0%         10d2      100%        8


Dungeon Overview and Level Annotations

Branches:
Dungeon (6/15)
 Temple: D:4-7

Altars:
Cheibriados
Nemelex Xobeh
Okawaru
Sif Muna
Trog
Uskayaw
Wu Jian

Shops:
D:1 =


Innate Abilities, Weirdness & Mutations

You have a beak for a mouth.
You have claws for feet.
Your magical nature lets you fly swiftly and evasively.


Message History

You have reached level 10!
Sorry, you're not good enough to have a special ability.
Okay, then.
There is a stone staircase leading up here.
You see here 6 stones.
A centaur comes into view.
The centaur shouts!
A manticore comes into view.
The centaur wields a +4 shortbow.
The centaur shoots an arrow.
The arrow hits you.
The centaur shoots an arrow.
The arrow hits you.
You reach to attack!
You puncture the centaur!
The centaur is heavily wounded.
The centaur shoots an arrow.
The arrow hits you!
The manticore flicks its tail.
The volley of spikes hits you!
The barbed spikes become lodged in your body.
An ice beast comes into view.
The centaur shoots an arrow.
The arrow hits you!
The barbs in your skin will harm you if you move.
Continue?
The barbed spikes dig painfully into your body as you move.
The centaur unwields a +4 shortbow.
The centaur barely misses you. The centaur kicks you.
You puncture the centaur! You claw the centaur.
You kill the centaur!
The manticore bites you! The manticore claws you.
* * * LOW HITPOINT WARNING * * *
The manticore claws you but does no damage.
You feel very mighty all of a sudden. The manticore barely misses you.
The manticore claws you but does no damage.
The manticore claws you.
* * * LOW HITPOINT WARNING * * *
You block the ice beast's attack.
You hit the manticore. You peck the manticore.
The manticore is moderately wounded.
The manticore bites you!
* * * LOW HITPOINT WARNING * * *
The manticore barely misses you. The manticore claws you!
You die...

#. ## #...# #.#.#
#...# #.#.# #...#
#H#Y# .. ..
#.@.#..##...
#.####..#..
#..###.... .####.
##(##...# ......
#..#...# ........
#......# #...#...
#..<...# ##...#...
#...#..####........
#..###.............


You could see a manticore and an ice beast.

Vanquished Creatures
  Edmund (D:4)
  An ice beast (D:6)
  A centaur (D:6)
  A phantom (D:5)
  An ogre (D:5)
  3 scorpions
  A howler monkey (D:5)
  3 hounds (D:5)
  4 iguanas
  Natasha (thrice) (D:4)
  2 orc wizards (D:4)
  2 adders
  An ufetubus (D:4)
  A worm (D:5)
  3 orcs
  5 ball pythons
  5 endoplasms
  3 giant cockroaches
  6 goblins
  3 hobgoblins
  4 jackals (D:5)
  6 kobolds
  2 quokkas (D:1)
  9 bats
  6 rats
77 creatures vanquished.

Vanquished Creatures (others)
  A fungus (D:4)
1 creature vanquished.

Grand Total: 78 creatures vanquished

Notes
Turn   | Place    | Note
-------+----------+-------------------------------------------
     0 | D:1      | Aneyh the Tengu Fighter began the quest for the Orb.
     0 | D:1      | Reached XP level 1. HP: 14/14 MP: 2/2
   151 | D:1      | Found a faded altar of an unknown god.
   186 | D:1      | Reached XP level 2. HP: 19/19 MP: 3/3
   319 | D:1      | Found Ubotuu's Jewellery Shop.
   402 | D:1      | Reached skill level 4 in Fighting
   598 | D:1      | Reached XP level 3. HP: 24/24 MP: 4/4
   957 | D:2      | Noticed a scorpion
   964 | D:2      | Killed a scorpion
   965 | D:2      | Reached skill level 5 in Fighting
   965 | D:2      | Reached XP level 4. HP: 27/31 MP: 5/5
  1154 | D:2      | Found a snail-covered altar of Cheibriados.
  1689 | D:3      | Learned a level 3 spell: Call Canine Familiar
  1743 | D:3      | Found a sparkling altar of Nemelex Xobeh.
  1885 | D:3      | Found an iron altar of Okawaru.
  2128 | D:4      | Noticed Natasha
  2131 | D:4      | Killed Natasha
  2132 | D:4      | Gained mutation: Your magical nature lets you fly swiftly
                  | and evasively. [Tengu growth]
  2132 | D:4      | Reached XP level 5. HP: 31/36 MP: 6/6
  2139 | D:4      | Reached skill level 6 in Fighting
  2183 | D:4      | Noticed Natasha
  2190 | D:4      | Killed Natasha
  2198 | D:4      | Reached XP level 6. HP: 37/42 MP: 7/7
  2267 | D:4      | Found an ornate altar of the Wu Jian Council.
  2274 | D:4      | Noticed Natasha
  2282 | D:4      | Killed Natasha
  2403 | D:4      | Noticed Edmund
  2493 | D:4      | Killed Edmund
  2494 | D:4      | Reached skill level 7 in Fighting
  2892 | D:5      | Entered Level 5 of the Dungeon
  2953 | D:5      | Reached XP level 7. HP: 29/48 MP: 2/8
  3136 | D:5      | Reached skill level 5 in Armour
  3210 | D:5      | Found a hide-covered altar of Uskayaw.
  3259 | D:5      | Learned a level 3 spell: Summon Guardian Golem
  3470 | D:5      | Found a shimmering blue altar of Sif Muna.
  3523 | D:5      | Noticed a moth of wrath
  3526 | D:5      | Found a bloodstained altar of Trog.
  3644 | D:5      | Reached XP level 8. HP: 49/53 MP: 3/9
  4165 | D:6      | Reached skill level 14 in Fighting
  4165 | D:6      | Reached XP level 9. HP: 69/69 MP: 3/10
  4166 | D:6      | Reached skill level 16 in Fighting
  4166 | D:6      | Reached XP level 10. HP: 79/79 MP: 3/11
  4172 | D:6      | Noticed a manticore
  4178 | D:6      | Slain by a manticore

Illustrated notes

Levels and vault maps discovered:
D:1:      minmay_arrival_solitary_statue, layout_basic, serial_shops,
          nicolae_shop_behind_doors, shapermc_ecumenical_altar_hornbeckon,
          minmay_misc_feat_cross
D:2:      layout_loops_corners, basic_altar
D:3:      layout_basic, nemelex_spade_bored_becter,
          mainiacjoe_overflow_surrounded_room, grunt_decor_junction
D:4:      layout_rooms, mainiacjoe_overflow_boulevard, uniq_edmund, uniq_natasha
D:5:      layout_cave_pods, tgw_trog, mainiacjoe_overflow_catch_the_wave,
          serial_column_ruins, column_ruins_circle_medium,
          column_ruins_hut_ruined, column_ruins_corridor_plus,
          column_ruins_columns_straight, column_ruins_corridor_straight,
          column_ruins_open_small_water, column_ruins_open_tiny,
          minmay_misc_feat_x, eino_tiny_chamber
D:6:      layout_cave_pools, slow_altar_2, minmay_temple_entry_glass,
          hangedman_minor_gate_pass

Skill      XL: |  1  2  3  4  5  6  7  8  9 |
---------------+----------------------------+-----
Fighting       | 4 5 6 7 14 16 | 16.4
Summonings     | 3 |  3.1
Armour         | 4 6 7 |  7.5
Polearms       | |  2.1
Shields        | |  3.0

Action                     |  1- 3 |  4- 6 |  7- 9 | 10-12 || total
---------------------------+-------+-------+-------+-------++-------
  Melee: Trident           |    62 |    86 |    84 |     3 ||   235
         Kick              |     9 |    14 |    24 |     1 ||    48
         Peck              |     1 |     2 |     5 |     1 ||     9
  Throw: Boomerang         |       |     1 |       |       ||     1
    Use: Potion            |       |     1 |     2 |     1 ||     4
         Scroll            |       |       |     3 |       ||     3
 Armour: Scale mail        |    20 |    30 |    23 |     2 ||    75
  Dodge: Dodged            |    16 |    34 |    36 |     3 ||    89
  Block: Buckler           |    10 |    11 |    16 |     1 ||    38

Table legend: (Time is in decaauts)
 A = Elapsed time spent in this place.
 B = Non-inter-level travel time spent in this place.
 C = Inter-level travel time spent in this place.
 D = Time resting spent in this place.
 E = Time spent auto-exploring this place.
 F = Levels seen in this place.
 G = Mean time per level.
                   A        B        C        D        E       F      G
               +--------+--------+--------+--------+--------+-----+--------+
         Total |   4102 |   3912 |    190 |    199 |   3013 |   6 |  683.7 |
       Dungeon |   4102 |   3912 |    190 |    199 |   3013 |   6 |  683.7 |
               +--------+--------+--------+--------+--------+-----+--------+

Top non-repeatable levels by time:
     D:5: 1068 daAuts
     D:2: 887 daAuts
     D:4: 729 daAuts
     D:1: 664 daAuts
     D:3: 600 daAuts
     D:6: 152 daAuts
